 Dungeon Crawl Stone Soup version 0.27-a0-1299-g1ab19c6527 (webtiles) character file.

Game seed: 16592055651105334801

19 flotson the Sneak (level 2, 0/24 HPs)
             Began as a Demonspawn Delver on June 16, 2021.
             Slain by a jackal (1 damage)
             ... in a sewer.
             The game lasted 00:02:01 (646 turns).

flotson the Sneak (Demonspawn Delver)                Turns: 646, Time: 00:02:01

Health: 0/24       AC:  7    Str: 12    XL:     2   Next: 55%
Magic:  2/2        EV: 11    Int: 11    God:
Gold:   49         SH:  0    Dex: 14    Spells: 1/1 levels left

rFire    . . .     SeeInvis .   b - +0 whip (flame)
rCold    . . .     Faith    .   (no shield)
rNeg     . . .     Spirit   .   i - +0 ring mail
rPois    .         Reflect  .   (no helmet)
rElec    .         Harm     .   (no cloak)
rCorr    .         Rampage  .   (no gloves)
Will     .....                  (no boots)
Stlth    +.........             (no amulet)
HPRegen  0.08/turn              (no ring)
MPRegen  0.08/turn              (no ring)

@: very slow
A: slimy green scales 1
a: no special abilities


You were in a sewer.
You visited 1 branch of the dungeon, and saw 3 of its levels.
You also visited: Sewer.

You collected 49 gold pieces.

Inventory:

Hand Weapons
 a - a +0 hand axe
 b - a +0 whip of flaming (weapon)
Armour
 i - a +0 ring mail (worn)
Wands
 g - a wand of digging (3)
Scrolls
 c - a scroll of fog
 d - a scroll of magic mapping


   Skills:
 + Level 3.2 Fighting
 + Level 2.1 Axes
 + Level 0.8 Armour
 + Level 2.1 Dodging
 - Level 4.5 Stealth


You had one spell level left.
You didn't know any spells.
Your spell library contained the following spells:

 Spells                   Type           Power      Damage    Failure   Level
 Summon Small Mammal      Summ           0%         N/A       63%         1
 Call Imp                 Summ           0%         N/A       77%         2
 Call Canine Familiar     Summ           0%         N/A       94%         3
 Summon Guardian Golem    Hex/Summ       0%         N/A       94%         3
 Summon Ice Beast         Ice/Summ       0%         N/A       100%        4
 Summon Lightning Spire   Summ/Air       0%         N/A       100%        4


Dungeon Overview and Level Annotations

Branches:
Dungeon (5/15)              Sewer (1/1)
 Temple: D:4-7

Altars:

Annotations:
D:4 1 transporter, 1 runed translucent door, NateTC's ghost, amateur GrFi


Innate Abilities, Weirdness & Mutations

You are partially covered in slimy green scales. (AC +2)


Message History

You hit the river rat. You burn the river rat.
The river rat is severely wounded.
The river rat bites you.
* * * LOW HITPOINT WARNING * * *
You hit the river rat but do no damage.
The river rat is severely wounded.
The kobold shouts!
You hit the river rat. You burn the river rat.
You kill the river rat!
You enter the shallow water.
Moving in this stuff is going to be slow.
You see here a river rat corpse.
You hit the rat. You burn the rat.
You kill the rat!
It was a potion of cancellation.
Your magical effects are unravelling.
You feel magically purged.
You feel yourself slow down.
The jackal bites you but does no damage.
You hit the jackal. You burn the jackal.
The jackal is heavily wounded.
The jackal bites you but does no damage.
Your unstable footing causes you to fumble your attack.
The jackal closely misses you. The jackal misses you.
Your unstable footing causes you to fumble your attack.
The jackal barely misses you. The jackal barely misses you.
You see here a rat corpse.
The jackal barely misses you.
Your unstable footing causes you to fumble your attack.
The jackal bites you but does no damage.
The jackal barely misses you.
The jackal splashes around in the water.
The jackal bites you but does no damage.
The jackal barely misses you.
The jackal splashes around in the water.
The jackal bites you.
* * * LOW HITPOINT WARNING * * *
The jackal bites you.
You die...

#.#
#.#
#.#
#≈#
#≈#
#≈#
#≈#
#≈#
#@#
#h#
#K#
#K#
#≈#
#≈#
#K#
#≈#
#≈#


You could see a jackal and 3 kobolds.

Vanquished Creatures
  A river rat (Sewer)
  An orc (D:4)
  A ball python (D:3)
  An endoplasm (D:4)
  A hobgoblin (D:4)
  A kobold (D:3)
  5 rats
11 creatures vanquished.

Vanquished Creatures (others)
  2 plants (D:3)
2 creatures vanquished.

Grand Total: 13 creatures vanquished

Notes
Turn   | Place    | Note
-------+----------+-------------------------------------------
     0 | D:5      | flotson the Demonspawn Delver began the quest for the Orb.
     0 | D:5      | Reached XP level 1. HP: 18/18 MP: 1/1
   467 | D:4      | Found a transporter.
   472 | D:4      | Noticed a fire bat
   483 | D:4      | Found a runed translucent door.
   493 | D:4      | Noticed NateTC's ghost (amateur GrFi)
   494 | D:4      | Noticed a bullfrog
   545 | D:3      | Found a glowing drain.
   562 | D:3      | Gained mutation: You are partially covered in slimy green
                  | scales. (AC +2) [demonic ancestry]
   562 | D:3      | Reached XP level 2. HP: 15/24 MP: 2/2
   590 | Sewer    | Entered a sewer
   645 | Sewer    | HP: 1/24 [jackal (3)]
   646 | Sewer    | Slain by a jackal

Illustrated notes

Levels and vault maps discovered:
D:3:      gammafunk_wand_slinger, layout_basic, portal_sewer_entry_b,
          serial_bayou_lake_a
D:4:      gammafunk_cloud_chamber, layout_rooms, ebering_ghost_sewer_f
D:5:      layout_basic, minmay_temple_entry_junction, feat_on_display,
          uniq_sigmund
Sewer:    sewer_kobolds

Skill      XL: |  1 |
---------------+----+-----
Axes           | 2 |  2.1
Dodging        | 2 |  2.1
Fighting       | |  3.2
Armour         | |  0.8
Stealth        | |  4.5

Action                   || total
-------------------------++-------
Melee: Hand axe          ||    15
       Whip              ||    38
  Use: Potion            ||     3
       Scroll            ||     1
 Stab: Sleeping          ||     1
Armor: Ring mail         ||    11
       Leather armour    ||     2
Dodge: Dodged            ||    31

Table legend: (Time is in decaauts)
 A = Elapsed time spent in this place.
 B = Non-inter-level travel time spent in this place.
 C = Inter-level travel time spent in this place.
 D = Time resting spent in this place.
 E = Time spent auto-exploring this place.
 F = Levels seen in this place.
 G = Mean time per level.
                   A        B        C        D        E       F      G
               +--------+--------+--------+--------+--------+-----+--------+
         Total |    650 |    644 |      6 |    103 |    338 |   4 |  162.5 |
       Dungeon |    585 |    579 |      6 |    103 |    338 |   3 |  195.0 |
         Sewer |     65 |     65 |      0 |      0 |      0 |   1 |   65.0 |
               +--------+--------+--------+--------+--------+-----+--------+

Top non-repeatable levels by time:
     D:4: 427 daAuts
     D:5: 118 daAuts
   Sewer: 65 daAuts
     D:3: 39 daAuts
